 Dungeon Crawl Stone Soup version 0.27.1-33-g824d729ab1 (webtiles) character file.

Game seed: 15541561231087269746

1353 zeram the Covert (level 8, -3/46 HPs)
             Began as an Octopode Fighter on Dec 25, 2021.
             Was an Initiate of Gozag.
             Slain by an orc warrior (10 damage)
             ... on level 6 of the Dungeon.
             The game lasted 00:10:03 (5773 turns).

zeram the Covert (Octopode Fighter)                 Turns: 5773, Time: 00:10:04

Health: -3/46      AC:  3    Str: 15    XL:     8   Next: 63%
Magic:  7/7        EV: 13    Int: 13    God:    Gozag
Gold:   366        SH:  0    Dex: 11    Spells: 7/7 levels left

rFire    . . .     SeeInvis .   h - +3 dagger (venom)
rCold    . . .     Faith    .   e - +0 buckler
rNeg     . . .     Spirit   .   (helmet restricted)
rPois    .         Reflect  .   (no amulet)
rElec    .         Harm     .   (no ring)
rCorr    .         Rampage  .   (no ring)
Will     .....     Rnd*Tele +   (no ring)
Stlth    +++.......             (no ring)
HPRegen  0.15/turn              (no ring)
MPRegen  0.10/turn              (no ring)
                                (no ring)
                                (no ring)

@: confused, mighty, gold aura
A: almost no armour, amphibious, 8 rings, camouflage 1, gelatinous body 1,
(nimble swimmer 1), tentacles, iridescent scales 1, frail 1, low mp 1,
teleportitis 1
a: Renounce Religion, Potion Petition, Call Merchant, Bribe Branch


You were on level 6 of the Dungeon.
You worshipped Gozag.
Gozag was aware of your devotion.
You visited 2 branches of the dungeon, and saw 7 of its levels.

You collected 393 gold pieces.
You paid 27 gold pieces to Gozag.

Inventory:

Hand Weapons
 h - a +3 dagger of venom (weapon)
Missiles
 g - 31 poisoned darts (quivered)
 o - 2 throwing nets
Armour
 b - a +0 kite shield
 e - a +0 buckler (worn)
Wands
 a - a wand of paralysis (8)
 k - a wand of digging (1)
Scrolls
 d - 2 scrolls of amnesia
Potions
 i - a potion of flight
 m - a potion of brilliance {unknown}
 n - a potion of degeneration {unknown}
 q - 2 potions of curing


   Skills:
 - Level 3.0 Fighting
 - Level 2.0 Short Blades
 - Level 3.0 Dodging
 + Level 13.3 Stealth
 - Level 4.1 Shields


You had 7 spell levels left.
You didn't know any spells.
Your spell library was empty.

Dungeon Overview and Level Annotations

Branches:
Dungeon (6/15)             Temple (1/1) D:4

Altars:
Ashenzari
Dithmenos
Elyvilon
Fedhas
Gozag
Hepliaklqana
Makhleb
Okawaru
Qazlal
Ru
Sif Muna
Trog
Uskayaw
Vehumet
Wu Jian
Xom
Zin
The Shining One

Shops:
D:5 ?


Innate Abilities, Weirdness & Mutations

You cannot wear most types of armour.
You are amphibious.
You can wear up to eight rings at the same time.
Your skin changes colour to match your surroundings (Stealth+).
Your rubbery body absorbs attacks. (AC +1, EV +1)
((You are camouflaged near water. (Stealth+)))
You have tentacles for arms and can constrict up to eight enemies at once.
You are partially covered in iridescent scales. (AC +2)
You are frail. (-10% HP)
Your magical capacity is low. (-10% MP)
You are occasionally teleported next to monsters.


Message History

You kill the jelly!
The ogre shouts!
The orc wizard shouts!
The orc shouts!
The ogre is distracted by your dazzling golden aura.
The orc wizard shouts!
The centaur shouts!
The ogre shouts!
The orc shouts!
The centaur wields a +0 shortbow.
The centaur shoots an arrow.
The arrow hits you.
The orc wizard hits you with a +0 dagger.
The orc wizard barely misses you.
The orc warrior hits you with a +0 mace!
You see here 4 gold pieces.
The orc hits you with a +0 flail. You block the orc warrior's attack.
The centaur shoots an arrow.
The arrow hits you!
The orc wizard mumbles some strange words.
The orc wizard flickers and vanishes!
Deactivating autopickup; reactivate with Ctrl-A.
Okay, then.
You feel much better.
The centaur shoots an arrow.
The arrow closely misses you.
The centaur shoots an arrow.
The arrow barely misses you. The orc misses you.
The orc warrior hits you with a +0 mace!!
The orc wizard casts a spell at you.
You are confused.
You feel very mighty all of a sudden.
The centaur shoots an arrow.
Something hits you. The orc barely misses you.
The orc warrior closely misses you.
You closely miss the orc warrior.
You hear some strange, mumbled words.
Something tries to affect you, but you resist.
The orc closely misses you.
The orc warrior hits you with a +0 mace!
The orc wizard hits you but does no damage.
You barely miss the orc wizard. The orc barely misses you. Something hits you.
The orc hits you with a +0 flail.
* * * LOW HITPOINT WARNING * * *
The orc wizard hits you with a +0 dagger.
* * * LOW HITPOINT WARNING * * *
The orc warrior hits you with a +0 mace!
You die...
Your body crumbles into a pile of gold.

.##.# .. >..
....# #. ....
#.###
###.######....
#.#
#...$.........
#.#
#.............
#.#
#...O.........
#.#
#.....c...###
#.#
#.....oo....#
#.#
#....o@o..#.#
..#
#............#
###
#.......≈≈≈≈.#
#.......≈≈....
#....≈..≈...#.
####........#
#####.##.# ..
.#


You could see an orc warrior, an ogre, a centaur, an orc wizard and 2 orcs.

Vanquished Creatures
  A wraith (D:5)
  Duvessa (D:4)
  An ogre (D:5)
  A black bear (D:5)
  Dowan (D:4)
  A bullfrog (D:6)
  A scorpion (D:4)
  2 water moccasin skeletons (D:5)
  4 hounds
  2 bullfrog zombies (D:5)
  A centaur zombie (D:6)
  A bullfrog skeleton (D:5)
  3 jellies
  2 orc priests
  An iguana (D:5)
  A scorpion zombie (D:5)
  An orc wizard (D:5)
  3 gnolls
  7 adders
  An ufetubus (D:5)
  A worm (D:2)
  13 orcs
  12 ball pythons
  9 endoplasms
  4 giant cockroaches
  4 hobgoblins
  9 kobolds
  2 quokkas
  4 bats
  3 frilled lizards
  7 goblins
  7 rats
111 creatures vanquished.

Notes
Turn   | Place    | Note
-------+----------+-------------------------------------------
     0 | D:1      | zeram the Octopode Fighter began the quest for the Orb.
     0 | D:1      | Reached XP level 1. HP: 16/16 MP: 1/1
    90 | D:1      | Reached XP level 2. HP: 12/21 MP: 2/2
   426 | D:1      | Reached XP level 3. HP: 19/26 MP: 3/3
   636 | D:1      | Reached skill level 1 in Stealth
   845 | D:2      | Found Kezxum's Antique Weapon Shop.
   851 | D:2      | Reached skill level 2 in Stealth
  1053 | D:2      | Reached skill level 3 in Stealth
  1053 | D:2      | Reached XP level 4. HP: 17/31 MP: 4/4
  1607 | D:2      | Found a faded altar of an unknown god.
  1727 | D:2      | Reached skill level 4 in Stealth
  2198 | D:3      | Found a glowing silver altar of Zin.
  2276 | D:3      | Found a hide-covered altar of Uskayaw.
  2278 | D:3      | Reached skill level 5 in Stealth
  2278 | D:3      | Reached XP level 5. HP: 32/36 MP: 5/5
  3041 | D:3      | Found a blossoming altar of Fedhas.
  3128 | D:4      | Reached skill level 6 in Stealth
  3186 | D:4      | Found a broken altar of Ashenzari.
  3201 | D:4      | Reached skill level 7 in Stealth
  3201 | D:4      | Reached XP level 6. HP: 42/42 MP: 6/6
  3221 | D:4      | Noticed Duvessa
  3227 | D:4      | Killed Duvessa
  3228 | D:4      | Reached skill level 8 in Stealth
  3228 | D:4      | Noticed Dowan
  3233 | D:4      | Killed Dowan
  3234 | D:4      | Reached skill level 9 in Stealth
  3621 | D:4      | Reached XP level 7. HP: 40/46 MP: 7/7
  3720 | D:4      | Found a staircase to the Ecumenical Temple.
  3755 | Temple   | Entered the Ecumenical Temple
  3876 | Temple   | Became a worshipper of Gozag Ym Sagoz the Greedy
  3940 | D:4      | Found a shimmering altar of Xom.
  4086 | D:5      | Entered Level 5 of the Dungeon
  4137 | D:5      | Reached skill level 10 in Stealth
  4574 | D:5      | Found a burning altar of Makhleb.
  4698 | D:5      | Reached skill level 11 in Stealth
  5031 | D:5      | Reached XP level 8. HP: 17/52 MP: 8/8
  5038 | D:5      | Gained mutation: You are frail. (-10% HP) [potion of
                  | mutation]
  5038 | D:5      | Gained mutation: Your magical capacity is low. (-10% MP)
                  | [potion of mutation]
  5038 | D:5      | Gained mutation: You are occasionally teleported next to
                  | monsters. [potion of mutation]
  5038 | D:5      | Gained mutation: You are partially covered in iridescent
                  | scales. (AC +2) [potion of mutation]
  5187 | D:5      | Found Iwyhat's Magic Scroll Boutique.
  5331 | D:5      | Reached skill level 12 in Stealth
  5499 | D:5      | Noticed a wraith
  5506 | D:5      | Killed a wraith
  5683 | D:6      | Reached skill level 13 in Stealth
  5773 | D:6      | Slain by an orc warrior

Illustrated notes

Levels and vault maps discovered:
D:1:      psy_arrival_terrarium, layout_basic, minmay_surrounded
D:2:      layout_loops_cross, shapermc_ecumenical_altar_starsandcircs,
          serial_shops, nicolae_shop_temple_entry_statues_fountains
D:3:      layout_loops_ring, mainiacjoe_overflow_24_doors,
          mainiacjoe_overflow_paths, lemuel_round_altar, minmay_liquid_box,
          grunt_decor_arrowhead
D:4:      layout_rooms, ashenzari_altar_1, lemuel_coloured_pillars_altar,
          minmay_temple_entry_mist, uniq_duvessa
D:5:      layout_gridville, nicolae_overflow_crystal_walls, serial_shops,
          kennysheep_mini_moat
D:6:      layout_rooms, serial_rivers, chequers_serial_rivers_micro_a,
          chequers_serial_rivers_small_b, chequers_serial_rivers_room_b,
          chequers_serial_rivers_micro_b, chequers_serial_rivers_micro_c,
          chequers_serial_rivers_micro_d, portal_sewer_entry_e,
          minmay_misc_feat_encased
Temple:   minmay_temple_bridge_abc

Skill      XL: |  1  2  3  4  5  6  7  8 |
---------------+-------------------------+-----
Shields        | 4 |  4.1
Stealth        | 3 5 7 9 11 13 | 13.3
Fighting       | |  3.0
Short Blades   | |  2.0
Dodging        | |  3.0

Action                   |  1- 3 |  4- 6 |  7- 9 || total
-------------------------+-------+-------+-------++-------
Melee: Rapier            |    70 |    22 |       ||    92
       Constrict         |    15 |    10 |    16 ||    41
       Tentacles         |    11 |    12 |    12 ||    35
       Dagger            |       |    54 |    84 ||   138
Throw: Dart              |       |       |     3 ||     3
  Use: Scroll            |     1 |     4 |     5 ||    10
       Potion            |       |       |     5 ||     5
 Stab: Sleeping          |    10 |    19 |     9 ||    38
       Distracted        |       |     1 |     1 ||     2
Armor: Skin              |     6 |       |     9 ||    15
Dodge: Dodged            |    31 |    19 |    63 ||   113
Block: Kite shield       |    10 |       |       ||    10
       Buckler           |     9 |    12 |    14 ||    35
